 Dungeon Crawl Stone Soup version 0.18.0-1-g0107ab7 (webtiles) character file.

1197 wvc the Cudgeler (level 8, 12/60 HPs)
             Began as a Mummy Wanderer on May 5, 2016.
             Was a Follower of Ashenzari.
             Quit the game on level 6 of the Dungeon.
             The game lasted 00:11:24 (7640 turns).

wvc the Cudgeler (Mummy Wanderer)                   Turns: 7640, Time: 00:11:25

Health: 12/60      AC:  7    Str: 17    XL:     8   Next: 20%
Magic:  8/8        EV: 10    Int: 13    God:    Ashenzari [*.....]
Gold:   308        SH:  3    Dex: 10    Spells: 0 memorised, 7 levels left

rFire  x . .     SeeInvis .     o - +1 whip (venom)
rCold  + . .     Gourm    .     f - +0 ring mail (curse)
rNeg   + + +     Faith    .     t - +0 buckler (curse)
rPois  ∞         Spirit   .     (no helmet)
rElec  .         Dismiss  .     (no cloak)
rCorr  .         Reflect  .     h - +1 pair of gloves
SustAt .         Harm     .     (no boots)
MR     ++...                    (no amulet)
Stlth  ++........               m - ring of protection from magic
                                r - ring of stealth

@: very resistant to hostile enchantments, unstealthy
A: no food or potions, fire vulnerability, cold resistance 1, negative energy
resistance 3, torment resistance, unbreathing
a: Curse Item, Scrying, Renounce Religion


You were on level 6 of the Dungeon.
You worshipped Ashenzari.
Ashenzari was aware of your devotion.
You were not hungry.

You visited 1 branch of the dungeon, and saw 8 of its levels.

You collected 308 gold pieces.

Inventory:

Hand Weapons
 a - a +2 mace
 b - a +0 shortbow
 g - a +2 dagger of electrocution
 o - a +1 whip of venom (weapon)
Missiles
 c - 97 arrows
 l - 3 curare-tipped needles
 n - 44 poisoned needles
Armour
 f - a cursed +0 ring mail (worn)
 h - a +1 pair of gloves (worn)
 t - a cursed +0 buckler (worn)
Jewellery
 e - an uncursed ring of magical power
 k - an uncursed ring of stealth
 m - a ring of protection from magic (right hand)
 r - a ring of stealth (left hand)
Scrolls
 d - 3 scrolls of teleportation
 i - a scroll of recharging
 j - a scroll of noise
 p - a scroll of identify
 q - 3 scrolls of magic mapping
Books
 s - a book of Beasts

   Spells                             Type                      Level
   a - Summon Butterflies             Summoning                    1
   b - Call Canine Familiar           Summoning                    3
   c - Summon Ice Beast               Ice/Summoning                4
   d - Summon Mana Viper              Hexes/Summoning              5
   e - Summon Hydra                   Summoning                    7


   Skills:
 - Level 4.1 Fighting
 * Level 7.6 Maces & Flails
 - Level 2.1 Armour
 - Level 2.0 Dodging
 - Level 1.0 Stealth
 + Level 1.6 Shields


You had 7 spell levels left.
You didn't know any spells.

Dungeon Overview and Level Annotations

Branches:
Dungeon (8/15)             Temple (0/1) D:7
   Lair: D:8-11

Altars:
Ashenzari
Dithmenos
Fedhas
Nemelex Xobeh
Pakellas
Qazlal
Xom

Annotations:
D:3 Tarnath's ghost, amateur SpEn
D:5 epen's ghost, novice OpMo
D:7 exclusion: orc wizard


Innate Abilities, Weirdness & Mutations

You do not eat or drink.
Your flesh is vulnerable to fire.
You are immune to poison.
Your flesh is cold resistant.
You are immune to negative energy.
You are immune to unholy pain and torment.
You can survive without breathing.


Message History

* * * LOW HITPOINT WARNING * * *
The centaur completely misses you.
You are too injured to fight recklessly!
You are too injured to fight recklessly!
Unknown command.
The centaur closely misses you. The adder bites you but does no damage.
You climb downwards.
There is a stone staircase leading up here.
You hit the centaur.
The centaur looks even sicker.
The centaur is heavily wounded.
The centaur hits you!
* * * LOW HITPOINT WARNING * * *
The adder bites you but does no damage.
You barely miss the centaur.
The centaur is severely wounded.
The centaur hits you but does no damage.
The adder bites you but does no damage.
The gnoll throws a stone.
The stone hits you but does no damage.
An orc priest comes into view. It is wielding a dagger.
Are you sure you want to abandon this character and quit the game? (Confirm with "yes".)

.# #####.# ...#.#
#########.##.#####
.......>..cS.....o
#.......g.@#.##
#....##(####.#
#####.....(.c####
#.#.####g...#
#.#.# #(...# # #.#
#....# #..
+....c... ###
#g...###c #....#


You could see a centaur, an orc priest (wandering), a gnoll and an adder.

Vanquished Creatures
  A human (D:7)
  A hog (D:7)
  A phantom (D:4)
  A centaur (D:7)
  A giant frog (D:7)
  A scorpion (D:7)
  2 crimson imps
  4 orc wizards
  A giant frog skeleton (D:3)
  An iguana (D:4)
  3 worker ants
  3 sheep (D:7)
  A hound skeleton (D:4)
  9 adders
  3 gnolls
  A howler monkey skeleton (D:4)
  A shadow imp (D:4)
  3 oozes
  3 worms
  2 dart slugs
  4 giant geckos
  16 orcs
  6 giant cockroaches
  5 goblins
  13 hobgoblins
  13 jackals
  2 quokkas (D:2)
  6 bats
  2 giant newts
  11 kobolds
  6 rats
127 creatures vanquished.

Notes
Turn   | Place    | Note
--------------------------------------------------------------
     0 | D:1      | wvc the Mummy Wanderer began the quest for the Orb.
     0 | D:1      | wvc set off with: a +2 mace, a +0 shortbow, 26 arrows, a scroll of teleportation, a +0 robe
     0 | D:1      | Reached XP level 1. HP: 18/18 MP: 1/1
   513 | D:1      | Reached XP level 2. HP: 20/24 MP: 2/2
  1027 | D:1      | Reached skill level 3 in Maces & Flails
  1231 | D:1      | Reached XP level 3. HP: 29/29 MP: 3/3
  1598 | D:2      | Reached XP level 4. HP: 26/37 MP: 4/4
  1604 | D:2      | Reached skill level 1 in Dodging
  2325 | D:2      | Found a blossoming altar of Fedhas.
  2423 | D:3      | Noticed Tarnath's ghost (amateur SpEn)
  3271 | D:3      | Reached XP level 5. HP: 29/42 MP: 5/5
  4067 | D:4      | Found a sparkling altar of Nemelex Xobeh.
  4214 | D:5      | Entered Level 5 of the Dungeon
  4214 | D:5      | Found a shattered altar of Ashenzari.
  4214 | D:5      | Found an oddly glowing altar of Pakellas.
  4215 | D:5      | Found a shadowy altar of Dithmenos.
  4220 | D:5      | Became a worshipper of Ashenzari the Shackled
  4229 | D:5      | Reached skill level 4 in Maces & Flails
  4255 | D:5      | Reached XP level 6. HP: 28/48 MP: 6/6
  4792 | D:4      | Found a stormy altar of Qazlal.
  5032 | D:4      | Reached skill level 5 in Maces & Flails
  5858 | D:4      | Reached XP level 7. HP: 22/54 MP: 7/7
  6115 | D:5      | Noticed epen's ghost (novice OpMo)
  6258 | D:5      | You fall through a shaft for 3 floors!
  6374 | D:7      | Reached skill level 6 in Maces & Flails
  6616 | D:7      | Found a staircase to the Ecumenical Temple.
  6687 | D:7      | Found a shimmering altar of Xom.
  6734 | D:7      | Noticed a human
  6734 | D:7      | Noticed a hog
  6766 | D:7      | Killed a human
  6980 | D:7      | Reached skill level 7 in Maces & Flails
  7004 | D:7      | Killed a hog
  7004 | D:7      | Reached XP level 8. HP: 37/60 MP: 8/8
  7542 | D:7      | Reached * piety under Ashenzari
  7640 | D:6      | Quit the game

Skill      XL: |  1  2  3  4  5  6  7 |
---------------+----------------------+-----
Maces & Flails | 3 4 5 7 |  7.6
Dodging        | 1 2 |  2.0
Fighting       | 4 |  4.1
Armour         | 2 |  2.1
Stealth        | |  1.0
Shields        | |  1.6

Action                   |  1- 3 |  4- 6 |  7- 9 || total
-------------------------+-------+-------+-------++-------
Melee: Mace              |    98 |   243 |       ||   341
       Whip              |       |    61 |   127 ||   188
 Fire: Shortbow          |     4 |       |       ||     4
Invok: Curse Item        |       |     2 |       ||     2
  Use: Scroll            |       |     9 |       ||     9
 Stab: Sleeping          |     2 |     4 |       ||     6
Armor: Robe              |     3 |       |       ||     3
       Ring mail         |    54 |   176 |    39 ||   269
Dodge: Dodged            |    64 |   197 |    47 ||   308
Block: Buckler           |       |     9 |    11 ||    20
